AoeStats
← 欢乐小菜鸟

Arena

507217966Analyzed
4v4 RM · 14d ago on Sep 17, 2026· 50m 25s· 8 players
Game mode
Random Map
Map size
Large (8 player)
Population
200
Speed
Normal
Resources
Standard
Victory
Conquest
Starting age
Dark Age
Ending age
Imperial Age
RankedLock teamsTeams togetherTeam positionsShared explorationLock speedFull tech treeHidden civsTurbo modeCheats
Victory
Defeat
🇹🇷 Teutons · Türkiye
1069
+8
🇯🇵 Britons · Japan
1068
+8
🇳🇿 Khmer · New Zealand
1002
+11
🇦🇺 Dravidians · Australia
996
+11
🇳🇱 Tupi · Netherlands
978
-12
🇨🇳 Franks · China
904
-10
🇨🇳 Khmer · China
894
-10
🇿🇦 Saracens · South Africa
770
-6
Sm0k1nG040
10:54 Feudal Age
9:53 Loom
15:02 Castle Age
13:35 Double-Bit Axe
19:59 Horse Collar
22:13 Fletching
23:55 Bow Saw
23:50 Bodkin Arrow
24:23 Gold Mining
30:13 Imperial Age
29:33 Wheelbarrow
29:33 Padded Archer Armor
29:36 Scale Mail Armor
29:48 Forging
30:44 Gold Shaft Mining
31:16 Conscription
31:18 Caciques
31:22 Elite Skirmisher
32:10 Squires
31:32 Champi Runner
32:18 Bracer
32:34 Leather Archer Armor
32:38 Chain Mail Armor
34:07 Iron Casting
35:09 Chemistry
34:39 Ballistics
33:49 Pikeman
35:29 Plate Mail Armor
37:18 Halberdier
37:39 Champi Warrior
38:44 Arson
38:23 Champi Warrior
40:44 Elite Champi Warrior
46:14 Capped Ram
46:28 Capped Ram
47:41 Stone Mining
47:53 Heavy Plow
48:58 Two-Man Saw
欢乐小菜鸟
12:07 Feudal Age
16:19 Castle Age
14:45 Double-Bit Axe
18:08 Bow Saw
18:37 Wheelbarrow
23:18 Hand Cart
29:04 Imperial Age
26:23 Loom
26:25 Town Watch
29:04 Gold Mining
29:04 Stone Mining
29:20 Scale Barding Armor
29:11 Cavalier
29:51 Husbandry
31:11 Chain Barding Armor
31:02 Forging
30:46 Paladin
32:04 Gold Shaft Mining
32:33 Plate Barding Armor
33:23 Iron Casting
33:28 Chivalry
34:13 Pikeman
34:53 Squires
34:39 Gambesons
34:39 Arson
34:59 Scale Mail Armor
34:57 Halberdier
37:33 Blast Furnace
36:48 Chain Mail Armor
40:11 Conscription
42:15 Plate Mail Armor
Hondkop
0:28 Loom
11:55 Feudal Age
17:06 Castle Age
32:26 Horse Collar
32:35 Double-Bit Axe
41:24 Fletching
41:39 Scale Barding Armor
41:35 Scale Mail Armor
41:45 Forging
41:36 Padded Archer Armor
46:58 Imperial Age
变强先斩欲
1:27 Loom
9:54 Feudal Age
10:43 Double-Bit Axe
16:49 Castle Age
27:19 Imperial Age
25:43 Gold Mining
25:36 Horse Collar
27:12 Wheelbarrow
27:18 Bow Saw
28:50 Hand Cart
29:18 Conscription
32:29 Gold Shaft Mining
31:48 Stone Mining
32:04 Double Crossbow
32:33 Caravan
32:49 Elite Ballista Elephant
33:55 Town Watch
34:15 Heavy Plow
34:53 Stone Shaft Mining
35:20 Fletching
35:31 Padded Archer Armor
37:31 Fortified Wall
37:42 Ballistics
37:56 Bodkin Arrow
38:16 Leather Archer Armor
38:01 Elite Skirmisher
41:57 Coinage
42:17 Bracer
42:48 Ring Archer Armor
44:44 Banking
47:57 Guard Tower
49:08 Chemistry
48:20 Masonry
48:07 Murder Holes
48:19 Siege Engineers
48:33 Scale Barding Armor
48:32 Scale Mail Armor
sada-aki
5:41 Loom
11:45 Feudal Age
12:31 Double-Bit Axe
16:25 Castle Age
14:09 Horse Collar
17:25 Bow Saw
27:39 Gold Mining
27:36 Treadmill Crane
28:42 Ballistics
31:07 Imperial Age
29:36 Wheelbarrow
30:25 Gold Shaft Mining
29:42 Fletching
29:52 Padded Archer Armor
30:30 Coinage
30:22 Bodkin Arrow
29:58 Crossbowman
31:01 Hand Cart
31:21 Leather Archer Armor
31:46 Yeomen
31:50 Bracer
32:53 Chemistry
32:37 Banking
32:43 Ring Archer Armor
32:14 Arbalester
42:32 Two-Man Saw
44:03 Town Watch
FALCON
9:50 Feudal Age
14:45 Castle Age
13:16 Double-Bit Axe
15:20 Horse Collar
15:17 Man-at-Arms
25:15 Heavy Plow
26:19 Wheelbarrow
27:17 Bow Saw
28:05 Pikeman
29:27 Gold Mining
29:33 Stone Mining
31:02 Fletching
34:04 Imperial Age
32:14 Bodkin Arrow
33:44 Hand Cart
33:54 Ballistics
33:37 Padded Archer Armor
34:07 Town Watch
34:07 Loom
34:06 Halberdier
34:47 Squires
35:33 Conscription
35:18 Scale Mail Armor
35:29 Forging
35:34 Leather Archer Armor
36:29 Chemistry
36:41 Two-Man Saw
37:01 Siege Engineers
38:19 Onager
45:44 Chain Mail Armor
46:05 Iron Casting
45:37 Town Patrol
47:56 Plate Mail Armor
JebusLorenzo
11:33 Feudal Age
15:54 Castle Age
14:24 Double-Bit Axe
16:49 Bow Saw
16:21 Horse Collar
19:16 Fletching
20:01 Elite Skirmisher
22:29 Heavy Plow
24:43 Wheelbarrow
27:04 Bodkin Arrow
27:10 Scale Mail Armor
30:20 Forging
30:15 Scale Barding Armor
32:53 Imperial Age
31:58 Padded Archer Armor
32:26 Ballistics
33:13 Hand Cart
34:28 Chain Barding Armor
35:56 Husbandry
36:04 Medical Corps
36:37 Pikeman
37:18 Squires
38:28 Chemistry
37:45 Leather Archer Armor
37:27 Halberdier
41:51 Ring Archer Armor
41:56 Iron Casting
41:22 Bracer
41:23 Scale Mail Armor
43:44 Wootz Steel
44:55 Heavy Scorpion
scrawnny12
12:51 Feudal Age
16:01 Castle Age
13:49 Double-Bit Axe
13:45 Horse Collar
16:58 Wheelbarrow
17:06 Heavy Plow
17:18 Bow Saw
22:15 Gold Mining
24:05 Gold Shaft Mining
24:24 Stone Mining
25:32 Hand Cart
28:24 Imperial Age
27:19 Bloodlines
27:09 Husbandry
27:16 Scale Barding Armor
27:22 Forging
28:26 Stone Shaft Mining
28:35 Elite Battle Elephant
30:39 Chain Barding Armor
30:54 Iron Casting
30:20 Loom
32:11 Plate Barding Armor
32:46 Tusk Swords
33:17 Ballistics
33:05 Siege Engineers
34:29 Blast Furnace
36:26 Fletching
37:09 Double Crossbow
37:30 Conscription
37:04 Heavy Scorpion
38:51 Chemistry
40:31 Caravan
Connection lost

Rejoining the realm…

Still unreachable

The connection could not be restored.

Session expired

The server has moved on; the page needs a fresh start.